AoeStats
← Sayan_San

Arabia

509299093Analyzed
1v1 RM · 4d ago on Sep 26, 2026· 46m 51s· 2 players
Game mode
Random Map
Map size
Tiny (2 player)
Population
200
Speed
Normal
Resources
Standard
Victory
Conquest
Starting age
Dark Age
Ending age
Imperial Age
RankedLock teamsTeams togetherTeam positionsShared explorationLock speedFull tech treeHidden civsTurbo modeCheats
Victory
Defeat
🇲🇦 Saracens · Morocco
1060
+15
🇺🇸 Varangians · United States
1047
-15
Sayan_San
6:26 Loom
9:27 Feudal Age
10:19 Double-Bit Axe
10:36 Horse Collar
16:23 Bloodlines
18:18 Forging
20:46 Scale Barding Armor
24:05 Gold Mining
24:31 Stone Mining
28:25 Castle Age
28:21 Fletching
29:55 Wheelbarrow
29:05 Town Watch
30:17 Bow Saw
30:31 Chain Barding Armor
30:15 Husbandry
30:21 Heavy Plow
32:48 Hand Cart
33:29 Light Cavalry
37:52 Devotion
38:03 Fervor
37:56 Town Patrol
40:17 Ballistics
41:33 Iron Casting
40:53 Bodkin Arrow
41:33 Vendel Legacy
47:05 Imperial Age
K-eleven
7:50 Loom
10:18 Feudal Age
11:26 Double-Bit Axe
15:27 Fletching
21:41 Castle Age
19:41 Horse Collar
19:55 Gold Mining
20:35 Scale Barding Armor
21:12 Bloodlines
24:32 Bow Saw
25:03 Heavy Plow
27:26 Husbandry
30:21 Stone Mining
32:00 Chain Barding Armor
33:27 Forging
37:52 Imperial Age
35:59 Wheelbarrow
36:16 Iron Casting
38:10 Bimaristan
39:18 Conscription
39:08 Elite Mameluke
39:14 Heavy Camel Rider
41:06 Counterweights
41:27 Town Watch
41:58 Hand Cart
42:34 Plate Barding Armor
43:11 Blast Furnace
45:49 Siege Engineers
46:46 Chemistry
Connection lost

Rejoining the realm…

Still unreachable

The connection could not be restored.

Session expired

The server has moved on; the page needs a fresh start.